 Dungeon Crawl Stone Soup version 0.18.1-50-g88ac8fd (webtiles) character file.

43 Amnesiac the Skirmisher (level 3, -3/22 HPs)
             Began as a Deep Elf Fighter on Feb 26, 2018.
             Slain by a worker ant (5 damage)
             ... on level 4 of the Dungeon.
             The game lasted 00:03:36 (1320 turns).

Amnesiac the Skirmisher (Deep Elf Fighter)          Turns: 1320, Time: 00:03:36

Health: -3/22      AC:  7    Str: 13 (14) XL:     3   Next: 37%
Magic:  5/5        EV:  7    Int: 14      God:
Gold:   74         SH:  8    Dex: 14      Spells: 0 memorised, 2 levels left

rFire  . . .     SeeInvis .     a - +0 rapier
rCold  . . .     Gourm    .     b - +0 scale mail
rNeg   . . .     Faith    .     c - +0 shield
rPois  .         Spirit   .     (no helmet)
rElec  .         Dismiss  .     (no cloak)
rCorr  .         Reflect  .     (no gloves)
SustAt .         Harm     .     (no boots)
MR     .....                    (no amulet)
Stlth  ..........               (no ring)
                                (no ring)

@: lethally poisoned (-3 -> -7), not resistant to hostile enchantments,
extremely unstealthy
A: rugged brown scales 1, clever 1, deterioration 1
a: no special abilities


You were on level 4 of the Dungeon.
You were hungry.

You visited 1 branch of the dungeon, and saw 4 of its levels.

You collected 74 gold pieces.

Inventory:

Hand Weapons
 a - a +0 rapier (weapon)
Missiles
 h - 8 poisoned needles
 i - a throwing net (quivered)
 j - 25 stones
Armour
 b - a +0 scale mail (worn)
 c - a +0 shield (worn)
Scrolls
 e - a scroll of enchant armour {!r}
 g - a scroll of recharging {!r}
Comestibles
 f - 2 bread rations


   Skills:
 - Level 2.7 Fighting
 - Level 2.0 Short Blades
 * Level 2.6 Armour
 + Level 2.6 Dodging
 * Level 2.5 Shields


You had 2 spell levels left.
You didn't know any spells.

Dungeon Overview and Level Annotations

Branches:
Dungeon (4/15)             Temple (0/1) D:4

Altars:
Ru
The Shining One


Innate Abilities, Weirdness & Mutations

You are partially covered in rugged brown scales (AC +1, +3% HP).
Your mind is acute. (Int +2)
Your body sometimes deteriorates upon taking damage.


Message History

You see here a chain mail.
There is a stone staircase leading up here.
You climb upwards.
There is a stone staircase leading down here.
You start resting.
HP restored.
You start resting.
HP restored.
A giant gecko comes into view.
A giant gecko is nearby!
Eat which item? (? for menu, Esc to quit)
Okay, then.
You barely miss the giant gecko. You block the giant gecko's attack.
You hit the giant gecko.
The giant gecko is severely wounded.
The giant gecko bites you but does no damage. x2
Your shield and scale mail prevent you from hitting the giant gecko.
The giant gecko is severely wounded.
The giant gecko bites you but does no damage.
You hit the giant gecko.
You kill the giant gecko!
You see here a giant gecko corpse.
You butcher the giant gecko corpse.
d - a chunk of flesh Eating a chunk of flesh.
This raw flesh tastes terrible.
You continue eating. x2
There is a stone staircase leading down here.
You climb downwards.
There is a stone staircase leading up here.
The worker ant twitches its antennae in your direction. x2
The worker ant bites you.
You are poisoned.
The worker ant poisons you!
You feel sick. The worker ant barely misses you.
You feel sick.
You feel sick.
Found 3 scrolls labeled BAIFROONEEN and a scroll labeled UQASTRITUCZI.
Found a staircase to the Ecumenical Temple.
You feel sick.
The worker ant bites you but does no damage.
The worker ant waves its antennae.
A giant cockroach comes into view.
Found 15 gold pieces.
A giant cockroach comes into view.
You feel sick. You block the worker ant's attack.
Your shield prevents you from hitting the giant cockroach.
You are feeling hungry.
The giant cockroach closely misses you.
You hit the giant cockroach.
The giant cockroach is almost dead.
You feel sick.
The giant cockroach bites you but does no damage.
The worker ant completely misses you. The worker ant bites you.
* * * LOW HITPOINT WARNING * * *
Your body deteriorates!
You feel weakened. The giant cockroach closely misses you.
You block the worker ant's attack.
You hit the giant cockroach but do no damage.
The giant cockroach is almost dead.
The worker ant bites you.
* * * LOW HITPOINT WARNING * * *
The giant cockroach bites you but does no damage.
You block the worker ant's attack. The worker ant bites you.
You die...

.# ..# ########## ..#
#......... ..##
#.######## #...#
#.####### ... #.....[<#
##s# ########.# #@a#
#........#######a##.##.
#.####........#.s.......
#a# #.######...........
#.# #.# ###..⌠...⌠.. #.#
#.# #......... #.# #.#
...?.>.... #.# #.#
#....?.... #.# #..
#..⌠...⌠..


You could see 2 worker ants and 2 giant cockroaches.

Vanquished Creatures
  An adder (D:3)
  2 dart slugs (D:1)
  A giant gecko (D:3)
  An orc (D:3)
  2 goblins (D:1)
  6 hobgoblins
  A quokka (D:2)
  4 bats (D:1)
  A goblin zombie (D:4)
  2 kobolds (D:2)
  A kobold skeleton (D:4)
  2 orc zombies (D:4)
  5 rats
29 creatures vanquished.

Notes
Turn   | Place    | Note
--------------------------------------------------------------
     0 | D:1      | Amnesiac the Deep Elf Fighter began the quest for the Orb.
     0 | D:1      | Reached XP level 1. HP: 13/13 MP: 3/3
    35 | D:1      | Reached skill level 1 in Dodging
   115 | D:1      | Reached XP level 2. HP: 16/18 MP: 4/4
   543 | D:2      | Found a sacrificial altar of Ru.
   774 | D:3      | Gained mutation: Your mind is acute. (Int +2) [potion of beneficial mutation]
   777 | D:3      | Reached XP level 3. HP: 5/22 MP: 5/5
   790 | D:4      | HP: 1/22 [poisoned by an adder]
  1120 | D:4      | Found a glowing golden altar of the Shining One.
  1144 | D:3      | You fall through a shaft!
  1152 | D:4      | Noticed an ogre
  1162 | D:4      | Gained mutation: Your body sometimes deteriorates upon taking damage. [potion of mutation]
  1162 | D:4      | Gained mutation: You are partially covered in rugged brown scales (AC +1, +3% HP). [potion of mutation]
  1312 | D:4      | Found a staircase to the Ecumenical Temple.
  1320 | D:4      | Slain by a worker ant

Skill      XL: |  1 |
---------------+----+-----
Dodging        | 2 |  2.6
Fighting       | |  2.7
Short Blades   | |  2.0
Armour         | |  2.6
Shields        | |  2.5

Action                   || total
-------------------------++-------
Melee: Rapier            ||   119
  Use: Potion            ||     4
       Scroll            ||     4
  Eat: Chunk             ||     1
Armor: Scale mail        ||    55
Dodge: Dodged            ||    35
Block: Shield            ||    50
